Map: Prion Terraces

Players

KoMA

  • Race: Terran Terran
  • League: Grandmaster

xKawaiian - Winner!

  • Race: Terran Terran
  • League: Master

VOD

Have the link to the VOD?

Description

Time

  • Played on: Jan. 10, 2016, 5:39 p.m.
  • Length: 5:33
Show
View Real Time Build Order
Export as new Build Order

KoMA Terran 

Build Orders:  

Get SALT Encoding   

  12  0:00  SCV  
  13  0:13  SCV  
  14  0:17  Supply Depot  
  14  0:25  SCV  
  14  0:27  Refinery  
  15  0:39  SCV  
  16  0:45  Barracks  
  16  0:51  SCV  
  17  1:02  Barracks  
  17  1:06  SCV  
  18  1:18  SCV  
  19  1:23  Barracks  
  19  1:33  Reaper  
  19  1:39  Orbital Command  
  20  1:48  Supply Depot  
  20  1:52  Reaper  
  21  1:57  Refinery  
  21  2:05  Reaper  
  21  2:06  SCV  
  23  2:11  Reaper  
  24  2:18  SCV  
  24  2:22  Supply Depot  
  25  2:27  Reaper  
  26  2:30  SCV  
  27  2:38  Reaper  
  27  2:42  SCV  
  29  2:45  Reaper  
  30  2:52  Supply Depot  
  30  2:57  SCV  
  31  2:59  Reaper  
  32  3:09  Command Center  
  32  3:17  Reaper  
  32  3:18  SCV  
  32  3:22  Reaper  
  33  3:30  SCV  
  33  3:32  Reaper  
  35  3:38  Supply Depot  
  35  3:42  SCV  
  36  3:49  Reaper  
  36  3:55  Barracks Tech Lab  
  36  4:08  SCV, Barracks Reactor  
  31  4:18  Marine  
  31  4:20  SCV  
  31  4:22  Marine  
  34  4:27  Barracks  
  34  4:28  Barracks  
  34  4:30  Barracks  
  34  4:33  SCV, Orbital Command  
  34  4:36  Marine  
  35  4:40  Marine  
  35  4:46  Marine  
  35  4:49  Marine  
  31  4:54  Marine  
  31  4:58  Marine  
  31  5:04  Marine  
  28  5:07  Marine  
  28  5:12  Marine  
Show
View Real Time Build Order
Export as new Build Order

xKawaiian Terran - Winner!

Build Orders: 1/1/1, Cyclone Opening 

Get SALT Encoding   

  12  0:00  SCV  
  13  0:13  SCV  
  14  0:17  Supply Depot  
  14  0:25  SCV  
  15  0:39  SCV, Barracks  
  16  0:44  Refinery  
  16  0:51  SCV  
  16  0:53  Refinery  
  17  1:03  SCV  
  18  1:15  SCV  
  19  1:26  Marine  
  19  1:28  Orbital Command  
  20  1:34  Factory  
  20  1:44  Supply Depot  
  20  1:53  SCV  
  21  1:55  Marine  
  22  2:05  SCV  
  23  2:12  Marine  
  24  2:18  Factory Tech Lab  
  24  2:19  Starport  
  24  2:23  SCV  
  24  2:26  Supply Depot  
  25  2:30  Marine  
  25  2:35  SCV  
  27  2:38  Cyclone  
  30  2:47  SCV  
  30  2:51  Marine  
  32  2:55  Medivac  
  34  2:59  SCV  
  34  3:01  Supply Depot  
  35  3:08  Marine  
  35  3:11  Siege Tank  
  39  3:19  SCV  
  39  3:26  Marine  
  40  3:37  SCV  
  40  3:39  Supply Depot  
  41  3:47  Marine  
  45  3:49  SCV  
  45  3:57  Liberator  
  45  4:04  Marine  
  44  4:14  Siege Tank  
  44  4:15  SCV  
  48  4:23  Marine  
  49  4:25  Command Center, Supply Depot  
  49  4:27  SCV  
  48  4:39  SCV  
  46  4:47  Siege Tank  
  46  4:52  SCV  
  48  5:01  Marine  
  49  5:17  SCV  
  54  5:21  Barracks  
Tags
 
Add a new tag
Caveats
  • Supply blocks, unpowered buildings, or Contaminate may cause inaccurate times.
  • Supply counts are checked every 10 seconds.